 Dungeon Crawl Stone Soup version 0.16-a0-3992-g631dd12 (console) character file.

1540 Fusha the Insei (level 8, -1/54 HPs)
             Began as an Octopode Transmuter on Feb 12, 2015.
             Shot with an arrow by a centaur (11 damage)
             ... on level 6 of the Dungeon.
             The game lasted 00:41:26 (8734 turns).

Fusha the Insei (Octopode Transmuter)               Turns: 8734, Time: 00:41:26

Health: -1/54      AC:  1    Str:  9    XL:     8   Next: 86%
Magic:  18/18      EV: 14    Int: 27    God:
Gold:   418        SH:  0    Dex: 13    Spells: 3 memorised, 9 levels left

rFire  . . .     SeeInvis .       - Unarmed
rCold  + . .     Clarity  +     (no shield)
rNeg   . . .     SustAb   .     (helmet restricted)
rPois  .         Gourm    .     a - amulet of clarity
rElec  .         Spirit   .     e - ring of protection from magic
rCorr  .         Warding  .     t - +5 ring of intelligence
rMut   .         Stasis   .     w - ring of protection from cold
MR     +....                    (no ring)
Stlth  ++++......               (no ring)
                                (no ring)
                                (no ring)
                                (no ring)

@: brilliant, appendage, drained, somewhat resistant to hostile enchantments,
stealthy
A: almost no armour, amphibious, 8 rings, constrict 8, tentacle spike 3,
camouflage 1, spit poison 1, wild magic 1, gelatinous body 1
a: Spit Poison, End Transformation


You were on level 6 of the Dungeon.
You were hungry.
One of your tentacles had a temporary spike.
You visited 1 branch of the dungeon, and saw 6 of its levels.

You collected 418 gold pieces.

Inventory:

Missiles
 b - 21 arrows
 r - 2 poisoned arrows
 x - 13 stones (quivered)
Jewellery
 a - an amulet of clarity (around mantle)
 e - a ring of protection from magic (left tentacle)
 t - a +5 ring of intelligence (right tentacle)
 w - a ring of protection from cold (on tentacle)
Magical devices
 p - a wand of frost (0)
Scrolls
 g - 5 scrolls of remove curse
 h - 2 scrolls of recharging {unknown}
 i - 2 scrolls of fear {unknown}
 k - 3 scrolls of identify {unknown}
 m - a scroll of amnesia {unknown}
 q - a scroll of enchant weapon {unknown}
 s - a scroll of immolation {unknown}
 y - 2 scrolls of magic mapping {unknown}
Potions
 c - 2 potions of might
 f - a potion of mutation
 j - a potion of agility {unknown}
 l - a potion of ambrosia {unknown}
 n - a potion of brilliance
 o - a potion of lignification {unknown}
 u - a potion of flight {unknown}
 v - a potion of magic {unknown}
 z - a potion of heal wounds {unknown}
 A - 2 potions of haste {unknown}
 C - a potion of cancellation {unknown}
Books
 d - a book of Changes

   Spells                             Type                      Level
   a - Beastly Appendage              Transmutation                1
   b - Sticks to Snakes               Transmutation                2
   c - Spider Form                    Transmutation/Poison         3
   d - Ice Form                       Ice/Transmutation            4
   e - Blade Hands                    Transmutation                5
Comestibles
 B - 2 bread rations


   Skills:
 + Level 3.8(3.6) Fighting
 + Level 4.8(4.6) Dodging
 + Level 5.3(5.0) Stealth
 + Level 5.7(5.5) Unarmed Combat
 + Level 4.4(4.2) Spellcasting
 + Level 4.6(4.4) Transmutations
 + Level 1.4(1.3) Poison Magic
 + Level 1.2(1.0) Evocations


You had 9 spell levels left.
You knew the following spells:

 Your Spells              Type           Power        Failure   Level  Hunger
a - Beastly Appendage     Trmt           ######       1%          1    None
b - Sticks to Snakes      Trmt           ######....   1%          2    None
c - Spider Form           Trmt/Pois      ######....   2%          3    ##.....


Dungeon Overview and Level Annotations

Branches:
Dungeon (6/15)
 Temple: D:4-7

Altars:
Cheibriados
Elyvilon
Makhleb
Qazlal
Sif Muna
The Shining One

Annotations:
D:6 abixa's ghost, experienced TrMo


Innate Abilities, Weirdness & Mutations

You cannot wear most types of armour.
You are amphibious.
You can wear up to eight rings at the same time.
You can use your tentacles to constrict many enemies at once.
Your skin changes colour to match your surroundings (Stealth).
Your rubbery body absorbs attacks (AC +1).
One of your tentacles bears a large vicious spike.
You can spit poison.
Your spells are a little harder to cast, but a little more powerful.


Message History

The centaur shoots an arrow.
The arrow misses you.
The centaur shoots an arrow.
The arrow barely misses you.
The centaur shoots an arrow.
The arrow hits you!
* * * LOW HITPOINT WARNING * * *
You see here an arrow.
Drink which item? (? for menu, Esc to quit)
Okay, then.
Drink which item? (? for menu, Esc to quit)
It was a potion of mutation.
You feel extremely strange.
There is a nasty taste in your mouth for a moment.
You feel less in control of your magic.
The centaur shoots an arrow.
The arrow hits you.
* * * LOW HITPOINT WARNING * * *
Unknown command.
Drink which item? (? for menu, Esc to quit)
It was a potion of brilliance.
You feel clever all of a sudden. Something completely misses you.
The centaur shoots an arrow.
The arrow hits you!
You die...

## .## .. #.## # #..## .#
#######..#.##....
#######(.(co...........
###...(.@.######...#.....
##.....##### .#.......
#.......# .. .z.....
#.......# ... ..#....
##.....## ###. z.....
###.### #. z#... #.# #.
...# #.# . # ##.######
#.#


You could see a centaur and an orc.

Vanquished Creatures
  3 yaks (D:6)
  Eustachio (D:5)
  Edmund (D:5)
  Sigmund (D:3)
  Duvessa (D:5)
  A giant frog (D:4)
  The ghost of Vidiiot the Bolt Thrower, a weakling DsAM of Okawaru (D:4)
  A wight (D:6)
  Dowan (D:5)
  2 crimson imps (D:5)
  A centaur skeleton (D:5)
  3 worker ants
  Natasha (D:6)
  A gnoll shaman (D:4)
  An orc wizard (D:4)
  A hound zombie (D:5)
  7 gnolls
  Robin (D:2)
  5 adders
  A giant mite (D:3)
  5 worms
  An adder zombie (D:5)
  4 giant geckos
  3 oozes
  4 orcs
  3 ball pythons
  15 bats
  A bat skeleton (D:4)
  8 giant cockroaches
  13 hobgoblins
  3 quokkas
  A giant gecko zombie (D:5)
  10 giant newts
  17 goblins
  2 jackal skeletons (D:4)
  12 kobolds
  A quokka skeleton (D:4)
  8 rats
146 creatures vanquished.

Notes
Turn   | Place    | Note
--------------------------------------------------------------
     0 | D:1      | Fusha, the Octopode Transmuter, began the quest for the Orb.
     0 | D:1      | Reached XP level 1. HP: 13/13 MP: 3/3
   351 | D:1      | Reached XP level 2. HP: 16/18 MP: 4/4
  1106 | D:1      | Reached XP level 3. HP: 12/23 MP: 4/6
  1249 | D:1      | Reached skill level 1 in Stealth
  1889 | D:2      | Reached XP level 4. HP: 13/28 MP: 7/7
  2393 | D:2      | Found a snail-covered altar of Cheibriados.
  2399 | D:2      | Found a stormy altar of Qazlal.
  2401 | D:2      | Found a white marble altar of Elyvilon.
  2496 | D:2      | Learned a level 2 spell: Sticks to Snakes
  3144 | D:2      | Noticed Robin
  3153 | D:2      | Killed Robin
  3153 | D:2      | Reached skill level 4 in Unarmed Combat
  3153 | D:2      | Reached XP level 5. HP: 22/33 MP: 7/9
  3295 | D:2      | Found a deep blue altar of Sif Muna.
  3296 | D:2      | Found a burning altar of Makhleb.
  3616 | D:3      | Noticed Sigmund
  3627 | D:3      | Killed Sigmund
  3819 | D:3      | Reached XP level 6. HP: 12/39 MP: 9/11
  5587 | D:4      | Found a glowing golden altar of the Shining One.
  5622 | D:4      | Learned a level 3 spell: Spider Form
  5645 | D:5      | Entered Level 5 of the Dungeon
  6029 | D:5      | Reached XP level 7. HP: 43/45 MP: 13/15
  6083 | D:4      | Noticed Vidiiot's ghost (weakling DsAM)
  6184 | D:4      | Killed Vidiiot's ghost
  6795 | D:5      | Noticed Duvessa
  6828 | D:5      | Noticed Edmund
  6844 | D:5      | Killed Edmund
  6844 | D:5      | Reached skill level 1 in Evocations
  7323 | D:5      | Noticed Dowan
  7481 | D:5      | Noticed Eustachio
  7792 | D:5      | Killed Eustachio
  7792 | D:5      | Reached skill level 5 in Unarmed Combat
  7792 | D:5      | Reached XP level 8. HP: 52/52 MP: 15/17
  7969 | D:5      | Killed Duvessa
  7977 | D:5      | Killed Dowan
  8411 | D:6      | Noticed a yak
  8414 | D:6      | Noticed a yak
  8415 | D:6      | Noticed a yak
  8424 | D:6      | Killed a yak
  8437 | D:6      | Killed a yak
  8437 | D:6      | Reached skill level 5 in Stealth
  8437 | D:6      | Reached skill level 1 in Poison Magic
  8447 | D:6      | Killed a yak
  8600 | D:6      | Noticed Natasha
  8610 | D:6      | Killed Natasha
  8640 | D:6      | Noticed abixa's ghost (experienced TrMo)
  8733 | D:6      | Gained mutation: You can spit poison. [potion of mutation]
  8733 | D:6      | Gained mutation: Your spells are a little harder to cast, but a little more powerful. [potion of mutation]
  8734 | D:6      | Shot with an arrow by a centaur

Action                   |  1- 3 |  4- 6 |  7- 9 || total
-------------------------+-------+-------+-------++-------
Melee: Unarmed           |    83 |   185 |   170 ||   438
 Cast: Beastly Appendage |    14 |    47 |    20 ||    81
       Spider Form       |       |       |     4 ||     4
Evoke: Wand              |       |     5 |     7 ||    12
  Use: Potion            |       |     3 |     2 ||     5
       Scroll            |       |       |     1 ||     1
 Stab: Sleeping          |     5 |     9 |     7 ||    21
       Distracted        |       |       |     1 ||     1
  Eat: Bread ration      |     1 |       |     2 ||     3
       Chunk             |       |     5 |       ||     5
       Meat ration       |       |     1 |       ||     1
       Beef jerky        |       |     1 |       ||     1
